[Event "Team 45 45 League T23"]
[Site "Free Internet Chess Server"]
[Date "2004.07.15"]
[Round "6"]
[White "zcomcon"]
[Black "ButiOxa"]
[Result "0-1"]
[WhiteElo "1696"]
[BlackElo "1750"]
[TimeControl "2700+45"]

1. e4 e6 2. d4 d5 3. Nd2 c5 4. exd5 exd5 5. Bb5+ Bd7 6. Qe2+ Be7 7. Bxd7+ Nxd7 8. dxc5 Nxc5 9. Ngf3 Nf6 10. O-O O-O 11. Re1 Re8 12. Nd4 Bd6 13. Qd1 Rxe1+ 14. Qxe1 Qb6 15. N2b3 Re8 16. Qf1 Nce4 17. Be3 Ng4 18. Nf3 Nxe3 19. fxe3 Qxe3+ 20. Kh1 Nf2+ 21. Kg1 Ng4+ 22. Kh1 Qf4 23. Re1 Rxe1 24. Qxe1 Qe3 25. Qxe3 Nxe3 26. Nbd4 Bc5 27. Kg1 Nxc2 28. Kf1 Nxd4   {White resigns} 0-1

[Event "Team 45 45 League T23"]
[Site "Free Internet Chess Server"]
[Date "2004.07.17"]
[Round "6"]
[White "FusterCluck"]
[Black "DesparateDan"]
[Result "0-1"]
[WhiteElo "1599"]
[BlackElo "1656"]
[TimeControl "2700+45"]

1. d4 Nf6 2. Nf3 d5 3. c4 e6 4. Bg5 Be7 5. e3 O-O 6. cxd5 Nxd5 7. Bxe7 Qxe7 8. Bd3 b6 9. h4 Bb7 10. a3 Nd7 11. e4 Nf4 12. g3 Nxd3+ 13. Qxd3 Nf6 14. Nc3 Rad8 15. O-O-O c5 16. Ng5 Rxd4 17. Qe3 e5 18. f3 Rfd8 19. g4 R8d6 20. Ne2 Rxd1+ 21. Rxd1 Qd7 22. Rxd6 Qxd6 23. Qb3 h6 24. Nh3 a6 25. Ng3 g6 26. g5 hxg5 27. Nxg5 Qc7 28. Qd1 b5 29. Qh1 c4 30. h5 Qc5 31. Nf1 c3 32. b4 Qf2 33. hxg6 Qb2+ 34. Kd1 c2+ 35. Ke2 c1=Q+ 36. Nd2 Qbxd2#   {White checkmated} 0-1

[Event "Team 45 45 League T23"]
[Site "Free Internet Chess Server"]
[Date "2004.07.15"]
[Round "6"]
[White "petlya"]
[Black "thelovegambit"]
[Result "0-1"]
[WhiteElo "1680"]
[BlackElo "1421"]
[TimeControl "2700+45"]

1. e4 e5 2. Nf3 Nc6 3. Bc4 h6 4. d4 d6 5. dxe5 dxe5 6. Qxd8+ Kxd8 7. Bxf7 Nf6 8. Nc3 Bb4 9. Bd2 Rf8 10. Bd5 Nd4 11. Nxd4 exd4 12. Ne2 Bxd2+ 13. Kxd2 Nxd5 14. exd5 Rxf2 15. g3 Bg4 16. Rae1 Kd7 17. Kd3 Re8 18. Nxd4 Rxe1 19. Rxe1 Rxh2 20. b4 Kd6 21. c4 Rxa2 22. Ne6 g6 23. Kd4 Ra3 24. c5+ Kd7 25. Re3 Rxe3 26. Kxe3 Bxe6 27. dxe6+ Kxe6 28. Ke4 b6 29. cxb6 cxb6 30. b5 h5 31. Kf4 Kd5 32. Kg5 Kc5 33. Kxg6 Kxb5 34. Kxh5 a5 35. g4 a4 36. g5 a3 37. g6 a2 38. g7 a1=Q 39. g8=Q Qe5+ 40. Kh6 Kc5 41. Qc8+ Kb5 42. Qc2 Qc5 43. Qb2+ Qb4 44. Qe5+ Qc5 45. Qe2+ Kc6 46. Qe8+ Kb7 47. Qd7+ Ka6 48. Qa4+ Qa5 49. Qc4+ b5 50. Qc6+ Qb6 51. Qxb6+ Kxb6 52. Kg5 b4 53. Kf4 b3 54. Ke3 b2   {White resigns} 0-1

[Event "Team 45 45 League T23"]
[Site "Free Internet Chess Server"]
[Date "2004.07.17"]
[Round "6"]
[White "chesstalker"]
[Black "Zakath"]
[Result "1-0"]
[WhiteElo "1308"]
[BlackElo "1392"]
[TimeControl "2700+45"]

1. e4 e6 2. d4 d5 3. exd5 exd5 4. Nf3 Bg4 5. Be2 Nf6 6. O-O Bd6 7. Bg5 O-O 8. Re1 h6 9. Bh4 Bxf3 10. Bxf3 c6 11. Nd2 Nbd7 12. Re2 Qc7 13. Nf1 Rae8 14. Qd3 Rxe2 15. Bxe2 Re8 16. Re1 Ng4 17. Bg3 Bxg3 18. Nxg3 Qb6 19. Qc3 Ngf6 20. Nf5 Ne4 21. Qa3 Ndf6 22. Bd3 Kh7 23. f3 Ng5 24. Nd6+ g6 25. Nxe8 Qxd4+ 26. Kf1 Nxf3 27. gxf3 Qf4 28. Kg2 Qd2+ 29. Re2 Qg5+ 30. Kf2 Qh4+ 31. Kg2 Qg5+ 32. Kf2 Qh4+ 33. Kg2 Qg5+ 34. Kh1 Qc1+ 35. Kg2 Qg5+ 36. Kf1   {Black resigns} 1-0

[Event "Team 45 45 League T23"]
[Site "Free Internet Chess Server"]
[Date "2004.07.15"]
[Round "6"]
[White "Hrenoff"]
[Black "Tokyo"]
[Result "0-1"]
[WhiteElo "2042"]
[BlackElo "2126"]
[TimeControl "2700+45"]

1. Nf3 c6 2. c4 d5 3. e3 Nf6 4. d4 Bf5 5. Nc3 a6 6. c5 Nbd7 7. Bd3 Bxd3 8. Qxd3 e5 9. dxe5 Nxc5 10. Qf5 Qd7 11. Nd4 Qxf5 12. Nxf5 Nd3+ 13. Ke2 Nxe5 14. b3 g6 15. Ng3 Bg7 16. Bb2 Ned7 17. Na4 O-O 18. Bd4 Rfe8 19. Rac1 Ne4 20. Bxg7 Kxg7 21. f3 Nxg3+ 22. hxg3 f5 23. Kd3 Re7 24. Rce1 Rae8 25. Nc3 Nf6 26. Rh4 Nh5 27. Nd1 Nxg3   {White resigns} 0-1

[Event "Team 45 45 League T23"]
[Site "Free Internet Chess Server"]
[Date "2004.07.15"]
[Round "6"]
[White "peepn"]
[Black "MrRabbit"]
[Result "1-0"]
[WhiteElo "2155"]
[BlackElo "2077"]
[TimeControl "2700+45"]

1. e4 e5 2. Nf3 Nc6 3. Bb5 a6 4. Ba4 Nf6 5. O-O Be7 6. Re1 b5 7. Bb3 d6 8. c3 O-O 9. h3 Na5 10. Bc2 c5 11. d4 Qc7 12. Nbd2 Bb7 13. d5 Nd7 14. Nf1 Nc4 15. Ng3 Rfe8 16. Nf5 Bf6 17. Nh2 g6 18. Nh6+ Kf8 19. Qf3 Re7 20. N2g4 Bg7 21. b3 Ncb6 22. Bg5 Rae8 23. Bxe7+ Rxe7 24. Rad1 a5 25. a3 a4 26. bxa4 Nxa4 27. Bxa4 bxa4 28. Rb1 Ba6 29. Qe3 Bc4 30. Qg5 Bd3 31. Rb2 Qa5 32. Ng8 Re8 33. N8f6 Nxf6 34. Nxf6 Bxf6 35. Qxf6 Kg8 36. Rb7 Rf8 37. Re3 c4 38. Rf3 Qd8 39. Qxd8 Rxd8 40. Rfxf7 Bxe4 41. Rxh7 Bxd5 42. Ra7 Be4 43. Rhd7 Rxd7 44. Rxd7 d5 45. Re7 Kf8 46. Rxe5 Kf7 47. h4 Kf6 48. f4   {Black resigns} 1-0

[Event "Team 45 45 League T23"]
[Site "Free Internet Chess Server"]
[Date "2004.07.18"]
[Round "6"]
[White "Rais"]
[Black "Kirath"]
[Result "1/2-1/2"]
[WhiteElo "1887"]
[BlackElo "2007"]
[TimeControl "2700+45"]

1. d4 Nf6 2. c4 e6 3. Nc3 Bb4 4. Qc2 b6 5. e4 Bb7 6. Bd3 O-O 7. Ne2 e5 8. d5 Na6 9. a3 Bxc3+ 10. Nxc3 Nc5 11. O-O a5 12. Bg5 h6 13. Bh4 d6 14. b3 Bc8 15. Nb5 g5 16. Bg3 Qd7 17. b4 Nxd3 18. Qxd3 Ba6 19. Nc3 Rad8 20. bxa5 bxa5 21. Rab1 Rb8 22. Nb5 Nh5 23. a4 f5 24. exf5 Qxf5 25. Qc3 Bxb5 26. Rxb5 Rxb5 27. cxb5 Qf7 28. Qxa5 Nf6 29. Rd1 Nxd5 30. Qd2 Nb6 31. a5 Nc4 32. Qc3 Rb8 33. Qb4   {Game drawn by mutual agreement} 1/2-1/2

[Event "Team 45 45 League T23"]
[Site "Free Internet Chess Server"]
[Date "2004.07.17"]
[Round "6"]
[White "Krasty"]
[Black "PrOOver"]
[Result "1/2-1/2"]
[WhiteElo "1919"]
[BlackElo "1901"]
[TimeControl "2700+45"]

1. e4 c5 2. Nf3 e6 3. d4 cxd4 4. Nxd4 a6 5. Nc3 Qc7 6. Be2 Bb4 7. Bd2 Nf6 8. f3 h6 9. O-O O-O 10. a3 Bc5 11. Be3 e5 12. Nf5 b5 13. Kh1 d6 14. g4 Bxf5 15. Bxc5 dxc5 16. gxf5 Rd8 17. Qe1 b4 18. Nd1 Nc6 19. c3 bxc3 20. bxc3 Nh5 21. Rg1 Nf4 22. Qg3 g5 23. fxg6 fxg6 24. Bc4+ Kh7 25. Ne3 Ne7 26. Bf7 g5 27. Qg4 Rd3 28. Nd5 Nexd5 29. Qf5+ Kg7 30. Bxd5 Rf8 31. Qg4 Nxd5 32. exd5 Rfxf3 33. c4 Rf4 34. Qe6 Rf6 35. Qe8 e4 36. Qxe4 Rf2 37. Rg2 Rd4 38. Qe3 Rxg2 39. Kxg2 Rxc4 40. Rc1 Rg4+ 41. Kh1 Rh4 42. Rc2 Qd6 43. Rd2 Rf4 44. Kg2 h5 45. Qe2 h4 46. Qe6 Qxe6 47. dxe6 Re4 48. Kf3 Rxe6 49. Rd5 Kf6 50. Rxc5 Rb6 51. Kg4 Rb2 52. Ra5 Rxh2 53. Rxa6+ Ke5 54. Kxg5 h3 55. Kg4 Rh1 56. Kg3 Kd4   {Game drawn by mutual agreement} 1/2-1/2

[Event "Team 45 45 League T23"]
[Site "Free Internet Chess Server"]
[Date "2004.07.17"]
[Round "6"]
[White "ground"]
[Black "GradyP"]
[Result "1/2-1/2"]
[WhiteElo "1584"]
[BlackElo "1741"]
[TimeControl "2700+45"]

1. e4 e5 2. Nf3 Nc6 3. c3 Nf6 4. d4 Nxe4 5. Bc4 Be7 6. Qd3 d5 7. Bb3 exd4 8. O-O dxc3 9. Nxc3 Nxc3 10. bxc3 Be6 11. Bc2 Bf6 12. Re1 Qd6 13. Rb1 O-O-O 14. Bg5 Bg4 15. Bxf6 Qxf6 16. Nd4 Nxd4 17. cxd4 Bd7 18. Re5 Bc6 19. Qb3 g6 20. h4 Qxh4 21. Bd3 Qxd4 22. Re3 Rhe8 23. Ba6 Qb6 24. Bxb7+ Bxb7 25. Rxe8 Rxe8 26. Qh3+ Qe6 27. Qb3 Bc6 28. Qd3 Kd7 29. Rc1 Qe4 30. Qh3+ Qe6 31. Qc3 h5 32. a4 Qd6 33. a5 a6 34. Rd1 Bb5 35. Qf3 Re7 36. g3 Qc6 37. g4 hxg4 38. Qxg4+ Qe6 39. Rxd5+ Ke8 40. Qd4 Rd7 41. Qh8+ Ke7 42. Re5 Rd1+ 43. Kh2 Rf1 44. Rxe6+ Kxe6 45. Qh3+ Kf6 46. Qe3 Kg7 47. f4 c5 48. Qxc5 Rxf4 49. Qe5+ Rf6 50. Kg3 g5 51. Kg4 Bd3 52. Kxg5 Bc4 53. Qxf6+ Kf8 54. Kh6 Ke8 55. Qc6+ Ke7 56. Qxc4 Kd6 57. Kg7 f5 58. Kf6 f4 59. Qxf4+ Kc5 60. Qc7+ Kb4 61. Qb6+ Kc4 62. Qxa6+ Kd4 63. Ke6 Ke4 64. Qc4+ Ke3 65. Kf5 Kf3 66. Qd3+ Kf2 67. Kg4 Ke1 68. Kg3   {Game drawn by stalemate} 1/2-1/2

[Event "Team 45 45 League T23"]
[Site "Free Internet Chess Server"]
[Date "2004.07.20"]
[Round "6"]
[White "jikes"]
[Black "adingod"]
[Result "0-1"]
[WhiteElo "1781"]
[BlackElo "1935"]
[TimeControl "2700+45"]

1. e4 Nf6 2. e5 Nd5 3. c4 Nb6 4. c5 Nd5 5. Bc4 e6 6. Nc3 Nxc3 7. dxc3 Nc6 8. Bf4 Bxc5 9. Qg4 Bf8 10. Nf3 h5 11. Qg3 h4 12. Qg4 d5 13. O-O-O Qe7 14. Bd3 h3 15. gxh3 Bd7 16. Bg5 Qc5 17. Qg3 d4 18. Nxd4 Nxd4 19. Be3 Qa5 20. Bxd4 Qxa2 21. Bb1 Qa1 22. Kd2 Qxb2+ 23. Ke3 c5 24. Bxc5 Bxc5+ 25. Kf4 g5+   {White resigns} 0-1

[Event "Team 45 45 League T23"]
[Site "Free Internet Chess Server"]
[Date "2004.07.17"]
[Round "6"]
[White "mrmahoon"]
[Black "BIRDSMAN"]
[Result "0-1"]
[WhiteElo "1548"]
[BlackElo "1577"]
[TimeControl "2700+45"]

1. e4 c5 2. Nf3 d6 3. d4 cxd4 4. Nxd4 Nf6 5. Nc3 Nc6 6. Bc4 e6 7. Bg5 Be7 8. O-O O-O 9. h3 Bd7 10. Nf3 a6 11. Re1 Na5 12. Bd3 Qb6 13. Rb1 Rfd8 14. e5 dxe5 15. Nxe5 Bc6 16. Nxc6 Nxc6 17. Qf3 h6 18. Bh4 Rd7 19. a3 Rad8 20. b4 Qd4 21. Bxf6 Qxf6 22. Qxf6 Bxf6 23. Ne4 Be7 24. Rbd1 Ne5 25. Be2 Rd4 26. Nc3 Rxd1 27. Bxd1 Nc4 28. Nb1 Nxa3 29. Nxa3 Bxb4 30. Re3 Rxd1+ 31. Kh2 Bxa3 32. Rxa3 Rd2 33. c3 Rxf2 34. Rb3 b5 35. Ra3 Rc2 36. Rxa6 Rxc3 37. Rb6 Rb3 38. Rb8+ Kh7 39. Rb7 Kg6 40. h4 e5 41. Kg1 e4 42. Kf1 b4 43. g4 Rg3 44. Rxb4 Rxg4 45. Kf2 e3+   {White resigns} 0-1

[Event "Team 45 45 League T23"]
[Site "Free Internet Chess Server"]
[Date "2004.07.17"]
[Round "6"]
[White "Rob"]
[Black "threeNT"]
[Result "1-0"]
[WhiteElo "1918"]
[BlackElo "1661"]
[TimeControl "2700+45"]

1. d4 d5 2. c4 c6 3. Nc3 e6 4. Nf3 dxc4 5. a4 Bb4 6. e3 b5 7. Bd2 a5 8. axb5 Bxc3 9. Bxc3 cxb5 10. b3 Bb7 11. bxc4 b4 12. Bb2 Nf6 13. Bd3 Nbd7 14. O-O O-O 15. Qc2 Qc7 16. Rfd1 Bxf3 17. gxf3 Qb7 18. e4 b3 19. Qc3 a4 20. e5 Nh5 21. Be4 Nf4 22. Bxb7 Ne2+ 23. Kf1 Nxc3 24. Bxc3 Rab8 25. Bc6 Nb6 26. c5 Nc4 27. Rxa4 Nb2 28. Bxb2   {Black resigns} 1-0

[Event "Team 45 45 League T23"]
[Site "Free Internet Chess Server"]
[Date "2004.07.17"]
[Round "6"]
[White "senorquinn"]
[Black "Woodchuck"]
[Result "1-0"]
[WhiteElo "1465"]
[BlackElo "1650"]
[TimeControl "2700+45"]

1. d4 Nf6 2. Nf3 g6 3. c4 Bg7 4. Nc3 O-O 5. e4 d6 6. Be2 Nbd7 7. O-O e5 8. Bg5 exd4 9. Nxd4 Nc5 10. b4 Ne6 11. Be3 Re8 12. f3 Nd7 13. Nxe6 Rxe6 14. Qc2 c5 15. a3 Qc7 16. Nd5 Qd8 17. Ra2 Nf6 18. Rd1 b6 19. Qb3 Ba6 20. Rad2 Rc8 21. Nf4 Re7 22. Rxd6 Qf8 23. R6d2 Bb7 24. Nd5 Nxd5 25. cxd5 cxb4 26. axb4 Rc3 27. Qa4 Rd3   {Black resigns} 1-0

[Event "Team 45 45 League T23"]
[Site "Free Internet Chess Server"]
[Date "2004.07.18"]
[Round "6"]
[White "phorku"]
[Black "Vinoblanca"]
[Result "0-1"]
[WhiteElo "1480"]
[BlackElo "1462"]
[TimeControl "2700+45"]

1. e4 e5 2. Nf3 Nc6 3. d4 exd4 4. c3 dxc3 5. Nxc3 Bb4 6. Bc4 Nf6 7. Qb3 O-O 8. Ng5 Qe7 9. O-O Bxc3 10. bxc3 h6 11. Nf3 Qxe4 12. Re1 Qg4 13. Bd2 Na5 14. Bxf7+ Rxf7 15. Qb5 Nc6 16. Re3 b6 17. Ne5 Nxe5 18. Qxe5 d6 19. Qb5 Bd7 20. Qb2 Re8 21. Rg3 Qh5 22. c4 Re2 23. Qd4 Rxd2 24. Qxd2 Ne4 25. Rxg7+ Rxg7 26. Qb2 Qe5 27. Qc1 Qg5 28. g3 Qxc1+ 29. Rxc1 Rf7 30. Rc2 Nxf2 31. Rxf2 Rxf2 32. Kxf2 Be6 33. c5 bxc5 34. a3 Kf7 35. Ke3 Kf6 36. Kd3 Kg5 37. Ke3 Kg4 38. Kf2 Bd5 39. a4 a5 40. Ke3 Bc6 41. h3+ Kxg3   {White resigns} 0-1

[Event "Team 45 45 League T23"]
[Site "Free Internet Chess Server"]
[Date "2004.07.18"]
[Round "6"]
[White "bkcoop"]
[Black "RFFISCHER"]
[Result "1-0"]
[WhiteElo "1772"]
[BlackElo "1537"]
[TimeControl "2700+45"]

1. e4 e6 2. d4 d5 3. Nc3 c5 4. dxc5 Bxc5 5. exd5 Ne7 6. Bb5+ Bd7 7. Bxd7+ Qxd7 8. dxe6 Qxe6+ 9. Qe2 Qxe2+ 10. Ngxe2 O-O 11. Bf4 Bb4 12. O-O-O Ng6 13. Bxb8 Raxb8 14. Rd7 Ne5 15. Rd5 f6 16. a3 Ba5 17. Rxa5 a6 18. f3 Nc4 19. Rc5 Ne3 20. Rc7 h6 21. Kd2 Rfe8 22. Re1 b5 23. b3 a5 24. Nf4 Nf5 25. Rxe8+ Rxe8 26. Nxb5 Rd8+ 27. Kc3 Ne3 28. Ne6 Rd2   {Black resigns} 1-0

[Event "Team 45 45 League T23"]
[Site "Free Internet Chess Server"]
[Date "2004.07.14"]
[Round "6"]
[White "welshblitzer"]
[Black "ImagineTHAT"]
[Result "1-0"]
[WhiteElo "1483"]
[BlackElo "1520"]
[TimeControl "2700+45"]

1. e4 e6 2. Nf3 h6 3. Be2 c6 4. c4 Qc7 5. Nc3 a6 6. d4 Bd6 7. e5 Be7 8. O-O d5 9. cxd5 cxd5 10. Bf4 Nc6 11. a3 b5 12. Bd2 Qb6 13. Be3 Bd8 14. b4 Nge7 15. Qd2 Bd7 16. a4 Nxb4 17. axb5 Nec6 18. bxc6 Bxc6 19. Na4 Qa5 20. Nc5 Qb6 21. Rfb1 a5 22. Rxb4 axb4 23. Ra6 Rxa6 24. Bxa6 b3 25. Qb2 Qa5 26. Nd2 Be7 27. Ndxb3 Qe1+ 28. Bf1 Bb5 29. Nd2 Kf8 30. Qxb5 g6 31. Nf3 Qd1 32. Nd3 Kg7 33. Qb7 Re8 34. Qd7 Kf8 35. Bxh6+ Kg8 36. Qxe8+ Kh7 37. Qxe7 Kxh6 38. Qxf7 g5 39. Qxe6+ Kh5 40. Qxd5 g4 41. e6+ Kg6 42. Qg5+ Kh7 43. Qxg4 Qb3 44. Qh5+ Kg7 45. d5 Kf8 46. Qf7#   {Black checkmated} 1-0

[Event "Team 45 45 League T23"]
[Site "Free Internet Chess Server"]
[Date "2004.07.14"]
[Round "6"]
[White "petlya"]
[Black "lamtarra"]
[Result "1-0"]
[WhiteElo "1672"]
[BlackElo "1481"]
[TimeControl "2700+45"]

1. e4 d6 2. d4 Nf6 3. Bd3 g6 4. h3 Bg7 5. c3 e5 6. dxe5 dxe5 7. Nf3 Nbd7 8. Na3 a6 9. Bg5 O-O 10. Qd2 Nc5 11. O-O-O Be6 12. Kb1 Qd6 13. Bxf6 Bxf6 14. Qe3 b6 15. Bc4 Qc6 16. Bd5 Bxd5 17. exd5 Qb7 18. Nxe5 Rfe8 19. f4 Re7 20. Rhe1 Rae8 21. Qg3 b5 22. Nc2 a5 23. Qf3 Bxe5 24. fxe5 Rxe5 25. Rxe5 Rxe5 26. Ne3 b4 27. c4 a4 28. Ng4 Re7 29. Qf6 Kf8 30. Qh8#   {Black checkmated} 1-0

[Event "Team 45 45 League T23"]
[Site "Free Internet Chess Server"]
[Date "2004.07.18"]
[Round "6"]
[White "Phendrana"]
[Black "JayH"]
[Result "0-1"]
[WhiteElo "1413"]
[BlackElo "1456"]
[TimeControl "2700+45"]

1. e4 e5 2. Nf3 Bd6 3. Bc4 h6 4. O-O g5 5. Nc3 g4 6. Ne1 h5 7. d4 Nc6 8. dxe5 Bxe5 9. f3 Bxh2+ 10. Kxh2 Qh4+ 11. Kg1 g3 12. Bxf7+ Kf8   {White resigns} 0-1

[Event "Team 45 45 League T23"]
[Site "Free Internet Chess Server"]
[Date "2004.07.16"]
[Round "6"]
[White "manyhorses"]
[Black "SamuraiGoroh"]
[Result "1-0"]
[WhiteElo "1263"]
[BlackElo "1320"]
[TimeControl "2700+45"]

1. d4 d5 2. Nc3 c6 3. Nf3 h6 4. Qd3 g5 5. Ne5 Bg7 6. Qf3 Be6 7. e4 Nd7 8. Nxf7 Bxf7 9. e5 e6 10. Bd3 Qa5 11. Bd2 Qb6 12. Be3 Qxb2 13. O-O Qxc3 14. Rab1 O-O-O 15. Rb3 Qa5 16. Rfb1 b6 17. a3 b5 18. Qxf7 Bxe5 19. dxe5 Nxe5 20. Qxe6+ Kb7 21. Qxe5 Nf6 22. Qxf6 Rc8 23. Qf7+ Rc7 24. Qf6 Rhh7 25. Bxh7 Rxh7 26. Bd4 Qd2 27. Rc3 a5 28. Qxc6+ Kb8 29. Qc8#   {Black checkmated} 1-0

[Event "Team 45 45 League T23"]
[Site "Free Internet Chess Server"]
[Date "2004.07.15"]
[Round "6"]
[White "paultopia"]
[Black "chesstalker"]
[Result "0-1"]
[WhiteElo "1348"]
[BlackElo "1293"]
[TimeControl "2700+45"]

1. e4 e5 2. f4 Nc6 3. Nf3 d6 4. Bc4 Nf6 5. Nc3 g6 6. fxe5 dxe5 7. O-O Bg7 8. Bxf7+ Kxf7 9. Nd5 Nxe4 10. Ng5+ Ke8 11. Nxc7+ Qxc7 12. Rf7 Qb6+ 13. d4 Nxg5 14. Rxg7 Ne6 15. Qf3 Qxd4+ 16. Kh1 Rf8 17. Qe2 Rf2 18. Rg8+ Kf7 19. Rf8+ Kxf8 20. Bh6+ Kg8 21. Qe1 Rxc2 22. Rd1 Qg4 23. Qf1 Nf4 24. g3 Qh5 25. Bxf4 Qxh2#   {White checkmated} 0-1

[Event "Team 45 45 League T23"]
[Site "Free Internet Chess Server"]
[Date "2004.07.15"]
[Round "6"]
[White "KlassAct"]
[Black "senorquinn"]
[Result "0-1"]
[WhiteElo "1476"]
[BlackElo "1452"]
[TimeControl "2700+45"]

1. e4 c5 2. Nf3 e6 3. Nc3 Nc6 4. Bc4 Nf6 5. d4 cxd4 6. Nxd4 a6 7. O-O b5 8. Be2 Bb7 9. Bg5 Be7 10. Re1 O-O 11. Bd3 Nxd4 12. e5 Nd5 13. Bxe7 Qxe7 14. Bxh7+ Kxh7 15. Qxd4 Qg5 16. f3 Rac8 17. Ne4 Qg6 18. c3 Nf4 19. Ng3 Rc4 20. Qxd7 Bd5 21. Qe7 Rfc8 22. Qd6 R4c6 23. Qa3 Qc2   {White resigns} 0-1

[Event "Team 45 45 League T23"]
[Site "Free Internet Chess Server"]
[Date "2004.07.15"]
[Round "6"]
[White "Anarkyyst"]
[Black "Triplea"]
[Result "0-1"]
[WhiteElo "1308"]
[BlackElo "1263"]
[TimeControl "2700+45"]

1. d4 Nf6 2. Bg5 e6 3. Bxf6 Qxf6 4. e4 c5 5. c3 cxd4 6. cxd4 Bb4+ 7. Nc3 Nc6 8. a3 Ba5 9. e5 Qf4 10. Nf3 d6 11. g3 Qe4+ 12. Qe2 Qxf3 13. Qxf3 Nxd4 14. Qe4 dxe5 15. b4 Bb6 16. Bd3 Bd7 17. O-O Bc6 18. Qxe5 Nf3+ 19. Kg2 Nxe5+   {White resigns} 0-1

[Event "Team 45 45 League T23"]
[Site "Free Internet Chess Server"]
[Date "2004.07.17"]
[Round "6"]
[White "jerryrab"]
[Black "nightryder"]
[Result "0-1"]
[WhiteElo "1215"]
[BlackElo "1381"]
[TimeControl "2700+45"]

1. f4 d5 2. Nf3 e6 3. d4 Bb4+ 4. c3 Bd6 5. e3 a6 6. Ne5 Bxe5 7. fxe5 Bd7 8. Bd3 Bb5 9. O-O Bxd3 10. Qxd3 Nh6 11. e4 Ng4 12. Qf3 Qh4 13. Qxf7+ Kd8 14. h3 Nh6 15. Qf4 Qxf4 16. Rxf4 dxe4 17. Rxe4 c6 18. Bg5+ Kc7 19. Be7 Nf5 20. Bd6+ Kd8 21. Na3 Nd7 22. Nc4 a5 23. b3 b5 24. Nd2 Nb6 25. Bc5 Nd5 26. c4 bxc4 27. Nxc4 Kd7 28. Nb6+ Nxb6 29. Bxb6 Rhb8 30. Bc5 a4 31. b4 a3 32. Rc1 g5 33. Rg4 h6 34. Bd6 Nxd6 35. exd6 Kxd6 36. Rc4 Kd5 37. Rc5+ Kd6 38. d5 cxd5 39. Rd4 Rc8 40. Rxc8 Rxc8 41. b5 Kc5 42. Rd3 Kxb5 43. Rxa3 Kb4 44. Rb3+ Ka4 45. Rb6 Re8 46. Ra6+ Kb5 47. Ra7 d4 48. a4+ Kb6 49. Rd7 Kc5 50. a5 Ra8 51. Rh7 d3 52. Rxh6 d2 53. Rxe6 d1=Q+ 54. Kh2 Rxa5 55. Re5+ Kb6 56. Re6+ Kc7 57. Re7+ Kd8 58. Rg7 Qd6+ 59. Kg1 Ra1+ 60. Kf2 Qf4+ 61. Ke2 Ra2+ 62. Kd3 Ra3+ 63. Ke2 Qe3+ 64. Kd1 Qb3+ 65. Ke2 Ra2+   {White resigns} 0-1

[Event "Team 45 45 League T23"]
[Site "Free Internet Chess Server"]
[Date "2004.07.16"]
[Round "6"]
[White "sonareclipse"]
[Black "KymF"]
[Result "0-1"]
[WhiteElo "2058"]
[BlackElo "2109"]
[TimeControl "2700+45"]

1. d4 Nf6 2. c4 e6 3. Nf3 b6 4. Nbd2 Bb7 5. Qc2 c5 6. e3 cxd4 7. exd4 Be7 8. Bd3 Nc6 9. a3 d5 10. cxd5 Qxd5 11. O-O O-O 12. Ne4 Nxd4 13. Nxd4 Nxe4 14. Re1 Ng5 15. f4 Qxd4+ 16. Be3 Nh3+ 17. Kf1 Qd5 18. Rad1 Qh5 19. Qc7 Bxg2+   {White resigns} 0-1

[Event "Team 45 45 League T23"]
[Site "Free Internet Chess Server"]
[Date "2004.07.19"]
[Round "6"]
[White "minkowski"]
[Black "maeck"]
[Result "0-1"]
[WhiteElo "2013"]
[BlackElo "1921"]
[TimeControl "2700+45"]

1. d4 Nf6 2. c4 d6 3. Nc3 e5 4. d5 Be7 5. e4 Nbd7 6. Bd3 O-O 7. Nge2 Nc5 8. O-O Nxd3 9. Qxd3 Nh5 10. Qf3 g6 11. Ng3 Ng7 12. Qd3 f5 13. f3 c6 14. Bd2 Ne8 15. f4 exf4 16. Bxf4 g5 17. Bc1 f4 18. Nge2 Bf6 19. Kh1 Be5 20. g3 Bh3 21. Rf2 Qb6 22. Qf3 g4   {White resigns} 0-1

[Event "Team 45 45 League T23"]
[Site "Free Internet Chess Server"]
[Date "2004.07.14"]
[Round "6"]
[White "xivarmy"]
[Black "Tomukas"]
[Result "1-0"]
[WhiteElo "1920"]
[BlackElo "1881"]
[TimeControl "2700+45"]

1. e4 c6 2. d4 d5 3. Nc3 dxe4 4. Nxe4 Bf5 5. Ng3 Bg6 6. h4 h6 7. Nf3 Nd7 8. h5 Bh7 9. Bd3 Bxd3 10. Qxd3 e6 11. Bd2 Qc7 12. O-O-O Ngf6 13. Bc3 O-O-O 14. Ne4 Nxe4 15. Qxe4 Nf6 16. Qe1 Rg8 17. Bb4 c5 18. dxc5 Rxd1+ 19. Kxd1 Bxc5 20. Bxc5 Qxc5 21. Ne5 Qd5+ 22. Kc1 Qxa2 23. Nxf7 Qa1+ 24. Kd2 Ne4+ 25. Qxe4 Qxh1 26. Qxe6+ Kb8 27. Nd6 Rh8 28. Qd5 Kc7 29. Nb5+ Kb6 30. b4 Rc8 31. c4 Qa1 32. Qe6+ Rc6 33. Qe3+   {Black resigns} 1-0

[Event "Team 45 45 League T23"]
[Site "Free Internet Chess Server"]
[Date "2004.07.19"]
[Round "6"]
[White "Valiantangel"]
[Black "Baylan"]
[Result "1-0"]
[WhiteElo "1713"]
[BlackElo "1752"]
[TimeControl "2700+45"]

1. d4 Nf6 2. c4 g6 3. Nc3 Bg7 4. e4 d6 5. f3 O-O 6. Be3 e5 7. Nge2 Nc6 8. d5 Ne7 9. Qd2 Nd7 10. g4 f5 11. g5 Nb6 12. Nc1 a5 13. Bd3 Bd7 14. h4 fxe4 15. fxe4 Bg4 16. N1e2 Qd7 17. O-O-O Bf3 18. Rh2 Na4 19. Nxa4 Qxa4 20. a3 b5 21. Bc2 Qxc4 22. b3 Bxe2 23. bxc4 Bxd1 24. Bxd1 bxc4 25. Be2 c3 26. Qxc3 Nxd5 27. exd5 e4 28. Bd4 Bxd4 29. Qxd4 Rf4 30. Rf2 Rxh4 31. Qf6 e3 32. Qe6+ Kh8 33. Rf7 Kg8 34. Rxc7+ Kh8 35. Qf6+ Kg8 36. Qg7#   {Black checkmated} 1-0

[Event "Team 45 45 League T23"]
[Site "Free Internet Chess Server"]
[Date "2004.07.21"]
[Round "6"]
[White "Leinfellner"]
[Black "fege"]
[Result "1-0"]
[WhiteElo "2199"]
[BlackElo "1946"]
[TimeControl "2700+45"]

1. e4 e6 2. d3 d5 3. Nd2 Nf6 4. Ngf3 b6 5. g3 dxe4 6. dxe4 Bc5 7. Bg2 Ba6 8. c4 Qd3 9. Qb3 Qxb3 10. Nxb3 Bxc4 11. Nxc5 bxc5 12. Ne5 Ba6 13. Be3 Nbd7 14. Nxd7 Nxd7 15. O-O-O O-O-O 16. f4 Nb6 17. Bxc5 Rxd1+ 18. Rxd1 Rd8 19. Rxd8+ Kxd8 20. e5 Bc4 21. b3 Bd5 22. Bf1 Kd7 23. Kd2 Kc6 24. Bf8 g6 25. Be2 Nd7 26. Bb4 Kb6 27. Ke3 c5 28. Bc3 Kc7 29. g4 Nb6 30. h4 Bc6 31. Ba5 Kd7 32. Bd2 Nd5+ 33. Kf2 Bb7 34. Bf3 Kc6 35. Kg3 Kd7 36. h5 Bc6 37. Kh4 Ne7 38. Be2 Kc7 39. hxg6 hxg6 40. Kg5 Nd5 41. Kh6 Kd7 42. Kg7 Ke8 43. a3 Ke7 44. Bd3 Bd7 45. Kh6 Bc6 46. Kg5 Kd7 47. Be1 Ke8 48. Bf2 a5 49. Bxc5 a4 50. b4 Nc3 51. Bc2 Bb5 52. Bd4 Nd5 53. Be4 Bc4 54. f5 gxf5 55. gxf5 exf5 56. Bxf5 Nc7 57. Kf6 Nb5 58. Bb2 Nc7 59. Be4 Nd5+ 60. Kg7 Ne7 61. Bd4 Nd5 62. b5 Kd7 63. b6 Kc8 64. Kf8 Kb8 65. Ke8 Nf4 66. e6 Bb5+ 67. Kxf7   {Black forfeits on time} 1-0

[Event "Team 45 45 League T23"]
[Site "Free Internet Chess Server"]
[Date "2004.07.20"]
[Round "6"]
[White "StevenSun"]
[Black "danke"]
[Result "0-1"]
[WhiteElo "1892"]
[BlackElo "2070"]
[TimeControl "2700+45"]

1. e4 d6 2. d4 Nf6 3. Nc3 g6 4. Nf3 Bg7 5. Be2 O-O 6. O-O Bg4 7. Be3 Nc6 8. Qd2 e5 9. d5 Ne7 10. Rad1 Bd7 11. Ne1 Ng4 12. Bxg4 Bxg4 13. f3 Bd7 14. f4 exf4 15. Bxf4 f5 16. Nf3 fxe4 17. Nxe4 Nf5 18. Bg5 Qc8 19. Qd3 h6 20. Bd2 c6 21. dxc6 Bxc6 22. Bf4 Qe6 23. Nxd6 Rad8 24. Qb3 Qxb3 25. cxb3 Ne7 26. Bc1 g5 27. Nc4 Ng6 28. Rde1 Bxf3 29. Rxf3 Rxf3 30. gxf3 b5 31. Na3 Ne5 32. Rf1 a6 33. Nc2 Rc8 34. Nb4 Nxf3+ 35. Rxf3 Rxc1+ 36. Rf1 Rc7 37. Rd1 a5 38. Rd8+ Kf7 39. Nd3 Ke7 40. Rd5 Rd7 41. Rxd7+ Kxd7 42. Kg2 Kc6 43. Kf2 Kd5 44. Ke3 Be5 45. Nxe5 Kxe5 46. Kf3 h5 47. Ke3 Kf5 48. Kf3 g4+ 49. Kg3 Kg5 50. Kg2 Kf4 51. Kf2 h4 52. Kg2 Ke3 53. b4 a4 54. Kg1 Kd2 55. Kf2 Kc2 56. Ke3 Kxb2 57. Kf4 Kxa2   {White resigns} 0-1